 Dungeon Crawl Stone Soup version 0.31.0-11-ge490571c62 (webtiles) character file.

Game seed: 9208887019307549555

16 qw the Shooter (level 2, -10/14 HPs)
             Began as a Spriggan Hunter on Feb 4, 2024.
             Killed from afar by Natasha (12 damage)
             ... with a magic dart
             ... on level 2 of the Dungeon.
             The game lasted 00:00:01 (459 turns).

qw the Shooter (Spriggan Hunter)                     Turns: 459, Time: 00:00:02

Health: -10/14     AC:  4    Str:  7    XL:     2   Next: 37%
Magic:  3/3        EV: 19    Int: 10    God:
Gold:   22         SH:  0    Dex: 18    Spells: 1/1 levels left

rFire   . . .        a - +0 shortbow
rCold   . . .        (shield currently unavailable)
rNeg    . . .        c - +0 robe
rPois   .            (helmet restricted)
rElec   .            i - +1 cloak
rCorr   .            (gloves unavailable)
SInv    +            (boots unavailable)
Will    .....        (no amulet)
Stlth   ++           (no ring)
HPRegen 0.22/turn    (no ring)
MPRegen 0.08/turn

%: no passive effects
@: very quick
A: very small, no large weapons, unfitting armour, see invisible, speed 3
a: no special abilities


You were on level 2 of the Dungeon.
You visited 1 branch of the dungeon, and saw 2 of its levels.

You collected 22 gold pieces.


Innate Abilities, Weirdness & Mutations

You are very small and have problems with some larger weapons.
You are too small for most types of armour.
You have supernaturally acute eyesight. (SInv)
You cover ground extremely quickly. (Speed+++)


   Skills:
 - Level 1.5 Fighting
 + Level 4.1 Ranged Weapons
 - Level 4.0 Dodging
 - Level 1.5 Stealth


You had one spell level left.
You didn't know any spells.
Your spell library was empty.

Inventory:

Hand Weapons
 a - a +0 shortbow (weapon)
Armour
 c - a +0 robe (worn)
 i - a +1 cloak (worn)
Scrolls
 b - a scroll of immolation {unknown}
 g - a scroll of teleportation
Potions
 h - a potion of cancellation

Dungeon Overview and Level Annotations

Branches:
Dungeon (2/15)

Altars:

Annotations:
D:2 Natasha


Message History

Waypoint 1 assigned to D:2.
You shoot an arrow. The arrow hits the bat.
You kill the bat!
A goblin comes into view. It is wielding a +0 club.
You shoot an arrow. The arrow hits the goblin.
You kill the goblin!
b - a scroll labelled RYRUIR OF SOU A giant cockroach comes into view.
The giant cockroach moves out of view.
Natasha, Servant of Life and Death comes into view.
Natasha hisses angrily.
You shoot an arrow. The arrow hits Natasha.
Natasha is moderately wounded.
Natasha casts a spell.
You shoot an arrow. The arrow hits the giant cockroach.
The giant cockroach is heavily wounded.
You shoot an arrow.
The arrow hits the giant cockroach but does no damage.
The giant cockroach is heavily wounded.
You shoot an arrow.
The arrow hits the giant cockroach but does no damage.
The giant cockroach is heavily wounded.
You shoot an arrow.
The arrow closely misses the giant cockroach.
The arrow hits Natasha!
Natasha is severely wounded.
The giant cockroach barely misses you. x2
You shoot an arrow. The arrow hits Natasha.
Natasha is almost dead.
Natasha barely misses you.
The giant cockroach bites you but does no damage.
The cerulean imp hits you from afar with a +0 spear.
You shoot an arrow. The arrow misses Natasha.
Natasha claws you. The giant cockroach misses you.
The cerulean imp hits you from afar with a +0 spear.
The giant cockroach completely misses you.
Natasha casts a spell at you. The magic dart hits you!
Ouch! That really hurt!
You die...
Natasha begins licking her fur clean.

.....>.........)........#
......<#................#
.......#.................
.........................
)............####........
.........................
.......#.....####........
....#....................
................@#######.
......hB# ........5
.......... ...........
............
.....#..##... .........
....


You could see Natasha, a cerulean imp (summoned) and a giant cockroach.

Vanquished Creatures
  An endoplasm (D:1)
  A goblin (D:2)
  3 hobgoblins (D:1)
  A quokka (D:1)
  A ball python (D:1)
  A bat (D:2)
  3 frilled lizards (D:1)
  2 kobolds (D:1)
  3 rats (D:1)
16 creatures vanquished.

Notes
Turn   | Place    | Note
-------+----------+-------------------------------------------
     0 | D:1      | qw the Spriggan Hunter began the quest for the Orb.
     0 | D:1      | Reached XP level 1. HP: 10/10 MP: 2/2
     0 | D:1      | 0 ||| qw: Version: 0.3-a-160-g6735b56
     0 | D:1      | 0 ||| qw: Game counter: 4718
     0 | D:1      | 0 ||| qw: Melee chars always use a shield: true
     0 | D:1      | 0 ||| qw: God list: Okawaru
     0 | D:1      | 0 ||| qw: Allow faded altars: false
     0 | D:1      | 0 ||| qw: Do Orc after clearing Dungeon:15 true
     0 | D:1      | 0 ||| qw: Do second Lair branch before Depths: true
     0 | D:1      | 0 ||| qw: Lair rune preference: random
     0 | D:1      | 0 ||| qw: Goals: Normal
     0 | D:1      | 0 ||| PLANNING D:1-11
    31 | D:1      | HP: 2/10 [constriction (1)]
    33 | D:1      | Reached skill level 3 in Dodging
   180 | D:1      | Reached XP level 2. HP: 14/14 MP: 3/3
   411 | D:1      | 411 ||| UPGRADING to +1 cloak.
   416 | D:1      | 416 ||| READING 4 scrolls labelled CYSMOTODU.
   416 | D:1      | 416 ||| IDENTIFYING bubbling orange potion
   417 | D:1      | 417 ||| READING 3 scrolls of identify.
   417 | D:1      | 417 ||| IDENTIFYING fuming purple potion
   418 | D:1      | 418 ||| READING 2 scrolls of identify.
   418 | D:1      | 418 ||| IDENTIFYING scroll labelled CUECAL ONIOSIY
   419 | D:1      | 419 ||| READING scroll of identify.
   419 | D:1      | 419 ||| IDENTIFYING 2 scrolls labelled WOXZAN KIDIRA
   420 | D:1      | 420 ||| DROPPING scroll of butterflies.
   421 | D:1      | 421 ||| DROPPING potion of attraction.
   422 | D:1      | 422 ||| DROPPING 2 scrolls of vulnerability.
   452 | D:2      | Noticed Natasha
   459 | D:2      | HP: 2/14 [cerulean imp/+0 spear[Natasha] (3)]
   459 | D:2      | Killed from afar by Natasha

Levels and vault maps discovered:
D:1:      wander_arrival_fairy_ring, layout_basic, st_stairs_1
D:2:      layout_basic, uniq_natasha, uniq_crazy_yiuf_cottage

Skill      XL: |  1  2 |
---------------+-------+-----
Dodging        | 3 4 |  4.0
Fighting       | |  1.5
Ranged Weapons | |  4.1
Stealth        | |  1.5

Action                     || total
---------------------------++-------
   Fire: Shortbow          ||    45
    Use: Scroll            ||     4
 Armour: Robe              ||    11
  Dodge: Dodged            ||    14

Table legend:
 A = Non-vault XP
 B = Vault XP
 C = Vault XP percentage of total XP
 D = Non-vault monster count
 E = Vault monster count
 F = Vault count percentage of total count
                 A         B        C        D         E       F
            +---------+---------+-------+---------+---------+-------
      Total |      20 |       3 |  13.0 |      14 |       2 |  12.5
            +---------+---------+-------+---------+---------+-------
        D:1 |      17 |       3 |  15.0 |      12 |       2 |  14.3
        D:2 |       3 |       0 |   0.0 |       2 |       0 |   0.0
            +---------+---------+-------+---------+---------+-------
